 Dungeon Sprint DCSS version bcrawl-1.27.1d (webtiles) character file.

Game seed: 15590536333795172424

1442624 Freyura the Grappler (level 9, -2/100 HPs)
             Began as a Troll Fighter on July 16, 2020.
             Was an Elder of the Shining One.
             Slain by a 13-headed hydra (9 damage)
             ... in the Dungeon (Sprint IX: "|||||||||||||||||||||||||||||").
             The game lasted 00:05:45 (318 turns).

Freyura the Grappler (Troll Fighter)                 Turns: 318, Time: 00:05:45

Health: -2/100     AC: 10    Str: 29    XL:     9   Next: 15%
Magic:  13/15      EV:  7    Int:  5    God:    the Shining One [****..]
Gold:   9          SH: 18    Dex: 12    Spells: 8/8 levels left

rFire    . . .     SeeInvis .     - Claws (41.0)
rCold    . . .     Gourm    +   a - +0 medium shield
rNeg     + + .     Faith    .   (armour unavailable)
rPois    .         Spirit   .   (helmet restricted)
rElec    .         Reflect  .   (no cloak)
rCorr    .         Harm     .   (gloves unavailable)
MR       .....     NoTele   +   (boots unavailable)
Stlth    +.........             (no amulet)
HPRegen  0.66/turn              m - +3 ring of strength
MPRegen  0.14/turn              n - +2 ring of protection

@: divine shield, glowing
A: large, almost no armour, unfitting armour, claws 3, fast metabolism 3,
gourmand, regeneration 1, AC +8
a: Divine Shield, Cleansing Flame, Renounce Religion


You were in the Dungeon.
You worshipped the Shining One.
The Shining One was greatly pleased with you.
You were completely stuffed.

You visited 1 branch You collected 9 gold pieces.

Inventory:

Armour
 a - a +0 medium shield (worn)
Jewellery
 m - a +3 ring of strength (left claw)
 n - a +2 ring of protection (right claw)
Wands
 l - a wand of iceblast (10)
Scrolls
 i - 4 scrolls of blinking
 j - 5 scrolls of remove curse
 k - 2 scrolls of amnesia
 p - a scroll of fog
 q - a scroll of fear
Potions
 b - 2 potions of might
 c - 7 potions of heal wounds
 d - 5 potions of curing
 f - 2 potions of haste
 g - 4 potions of magic
 o - 2 potions of mutation
Comestibles
 e - 2 rations {!d}
 h - 19 chunks of flesh


   Skills:
 + Level 9.4 Fighting
 - Level 2.4 Dodging
 - Level 2.0 Shields
 * Level 14.5 Unarmed Combat
 + Level 9.8 Invocations


You had 8 spell levels left.
You didn't know any spells.
Your spell library was empty.

Dungeon Overview and Level Annotations

Branches:
Dungeon (1/1)

Altars:
Cheibriados
Dithmenos
Elyvilon
Fedhas
Gozag
Hepliaklqana
Kikubaaqudgha
Lugonu
Makhleb
Nemelex Xobeh
Okawaru
Qazlal
Ru
Sif Muna
Trog
Uskayaw
Vehumet
Wu Jian
Xom
Yredelemnul
Zin
The Shining One
Beogh
Jiyva


Innate Abilities, Weirdness & Mutations

You cannot wear most types of armour.
Your thick skin is tough. (AC +8)
You are too large for most types of armour.
You have claws for hands.
Your metabolism is lightning-fast.
You like to eat raw meat.
Your natural rate of healing is unusually fast.


Message History

The ten-headed hydra grows two more!
You mangle the 12-headed hydra!!
The 12-headed hydra is heavily wounded.
You claw one of the 12-headed hydra's heads off!
The 11-headed hydra grows two more!
You mangle the 13-headed hydra!!
The 13-headed hydra is severely wounded.
The 13-headed hydra bites you. x2
The 13-headed hydra bites you but does no damage. x2
You block the 13-headed hydra's attack. The 13-headed hydra bites you!
* * * LOW HITPOINT WARNING * * *
You block the 13-headed hydra's attack.
The 13-headed hydra bites you but does no damage.
The 13-headed hydra bites you!
* * * LOW HITPOINT WARNING * * *
The 13-headed hydra bites you but does no damage.
The 13-headed hydra bites you.
* * * LOW HITPOINT WARNING * * *
The 13-headed hydra bites you!
* * * LOW HITPOINT WARNING * * *
The 13-headed hydra bites you!
You die...

▓_▓.▓
▓_▓.▓r▓
▓_▓.▓Y▓
▓_▓.▓Y▓
▓_▓.▓F▓
▓_▓.▓l▓
▓_▓.▓D▓
▓_▓.▓D▓
▓_▓.▓@▓
▓_▓.▓.▓
▓_▓.▓.▓
▓_▓.▓.▓
▓'▓.▓.▓
▓.▓.▓.▓
▓.▓.▓)▓
▓.▓.▓.▓
▓.▓.▓.▓


You could see a 13-headed hydra, an eight-headed hydra, 2 yaks, a cane toad, a
basilisk and a porcupine.

Vanquished Creatures
  3 cyclopes (D)
  A troll (D)
  A hippogriff (D)
  Grum (D)
  An orc warrior (D)
  2 wolves (D)
  A howler monkey (D)
  A crimson imp (D)
  An orc wizard (D)
  An adder (D)
  An ooze (D)
  2 adder zombies (D)
  3 orcs (D)
  2 bat skeletons (D)
  A goblin (D)
  A bat (D)
  A kobold (D)
  A rat (D)
25 creatures vanquished.

Notes
Turn   | Place    | Note
-------+----------+-------------------------------------------
     0 | D        | Freyura the Troll Fighter began the quest for the Orb.
     0 | D        | Reached XP level 1. HP: 22/22 MP: 0/0
    13 | D        | Reached skill level 3 in Unarmed Combat
    18 | D        | Reached XP level 2. HP: 31/31 MP: 1/1
    29 | D        | Noticed a crimson imp
    33 | D        | Killed a crimson imp
    33 | D        | Reached skill level 5 in Unarmed Combat
    33 | D        | Reached XP level 3. HP: 39/39 MP: 2/2
    34 | D        | Reached skill level 6 in Unarmed Combat
    49 | D        | Found a roughly hewn altar of Beogh.
    49 | D        | Found a snail-covered altar of Cheibriados.
    49 | D        | Found a shadowy altar of Dithmenos.
    49 | D        | Found a white marble altar of Elyvilon.
    49 | D        | Found a blossoming altar of Fedhas.
    49 | D        | Found an opulent altar of Gozag.
    50 | D        | Found a hazy altar of Hepliaklqana.
    51 | D        | Found a viscous altar of Jiyva.
    52 | D        | Found an ancient bone altar of Kikubaaqudgha.
    53 | D        | Found a corrupted altar of Lugonu.
    54 | D        | Found a burning altar of Makhleb.
    55 | D        | Found a sparkling altar of Nemelex Xobeh.
    56 | D        | Found an iron altar of Okawaru.
    57 | D        | Found a stormy altar of Qazlal.
    58 | D        | Found a sacrificial altar of Ru.
    59 | D        | Found a shimmering blue altar of Sif Muna.
    60 | D        | Found a bloodstained altar of Trog.
    61 | D        | Found a hide-covered altar of Uskayaw.
    62 | D        | Found a radiant altar of Vehumet.
    63 | D        | Found an ornate altar of the Wu Jian Council.
    64 | D        | Found a shimmering altar of Xom.
    65 | D        | Found a basalt altar of Yredelemnul.
    66 | D        | Found a glowing silver altar of Zin.
    67 | D        | Found a glowing golden altar of the Shining One.
    75 | D        | Became a worshipper of the Shining One
    94 | D        | Noticed a cyclops
    94 | D        | Noticed a cyclops
    94 | D        | Noticed a hippogriff
    94 | D        | Reached * piety under the Shining One
    97 | D        | Reached skill level 7 in Unarmed Combat
    97 | D        | Gained mutation: Your natural rate of healing is unusually
                  | fast. [Troll growth]
    97 | D        | Reached XP level 4. HP: 49/49 MP: 2/4
    98 | D        | Reached ** piety under the Shining One
   101 | D        | Killed a hippogriff
   101 | D        | Reached skill level 9 in Unarmed Combat
   101 | D        | Reached XP level 5. HP: 59/59 MP: 2/7
   102 | D        | Reached skill level 5 in Invocations
   102 | D        | Reached XP level 6. HP: 67/67 MP: 2/8
   107 | D        | Killed a cyclops
   107 | D        | Reached skill level 12 in Unarmed Combat
   107 | D        | Reached XP level 7. HP: 79/79 MP: 2/11
   111 | D        | Killed a cyclops
   111 | D        | Reached skill level 13 in Unarmed Combat
   111 | D        | Reached XP level 8. HP: 57/88 MP: 3/13
   132 | D        | Noticed a troll
   132 | D        | Noticed a cyclops
   138 | D        | Killed a cyclops
   147 | D        | Killed a troll
   147 | D        | Reached skill level 14 in Unarmed Combat
   147 | D        | Reached XP level 9. HP: 83/98 MP: 8/15
   211 | D        | Noticed Grum
   211 | D        | Reached *** piety under the Shining One
   222 | D        | Killed Grum
   308 | D        | Noticed an eight-headed hydra
   308 | D        | Noticed a seven-headed hydra
   308 | D        | Noticed a cane toad
   308 | D        | Reached **** piety under the Shining One
   318 | D        | Slain by a 13-headed hydra

Skill      XL: |  1  2  3  4  5  6  7  8 |
---------------+-------------------------+-----
Unarmed Combat | 3 5 7 9 12 13 14 | 14.5
Fighting       | 3 4 6 7 8 9 |  9.4
Invocations    | 2 4 5 7 8 9 |  9.8
Dodging        | |  2.4
Shields        | |  2.0

Action                   |  1- 3 |  4- 6 |  7- 9 || total
-------------------------+-------+-------+-------++-------
Melee: Unarmed           |    29 |     7 |    38 ||    74
Invok: Divine Shield     |       |       |     1 ||     1
  Use: Potion            |     1 |       |       ||     1
  Eat: Chunk             |     2 |       |     7 ||     9
Armor: Skin              |    10 |     2 |    13 ||    25
Dodge: Dodged            |    10 |     1 |    10 ||    21
Block: Medium shield     |    11 |       |    23 ||    34
